 Dungeon Crawl Stone Soup version 0.18-a0-1147-g8e8348b (webtiles) character file.

33 Trivium the Skirmisher (level 3, -2/43 HPs)
             Began as a Demonspawn Fighter on Jan 23, 2016.
             Slain by an adder (3 damage)
             ... on level 2 of the Dungeon.
             The game lasted 00:01:25 (801 turns).

Trivium the Skirmisher (Demonspawn Fighter)          Turns: 801, Time: 00:01:25

Health: -2/43      AC: 21    Str: 17    XL:     3   Next: 12%
Magic:  3/3        EV:  2    Int:  9    God:
Gold:   79         SH:  8    Dex: 15    Spells: 0 memorised, 2 levels left

rFire  . . .     SeeInvis .     a - +0 long sword
rCold  . . .     Gourm    .     (armour currently unavailable)
rNeg   + + +     Faith    .     c - +0 shield
rPois  +         Spirit   .     (helmet currently unavailable)
rElec  .         Dismiss  .     (cloak currently unavailable)
rCorr  .         Reflect  .     (gloves currently unavailable)
SustAt .         Harm     .     (boots currently unavailable)
MR     .....     NoTele   +     (no amulet)
Stlth  ++........               (no ring)
                                (no ring)

@: agile, lethally poisoned (-2 -> -3), tree-form, heavily drained, not
resistant to hostile enchantments, unstealthy
A: (horns 0), clumsy 1, screaming 1, (sturdy frame 0)
a: no special abilities


You were on level 2 of the Dungeon.
You were not hungry.
You were a tree.
You visited 1 branch of the dungeon, and saw 2 of its levels.

You collected 79 gold pieces.

Inventory:

Hand Weapons
 a - a +0 long sword (weapon)
Armour
 b - a +0 scale mail
 c - a +0 shield (worn)
 g - a +0 chain mail (melded)
Scrolls
 h - a scroll of remove curse {unknown}
 i - a scroll of blinking {unknown}
 k - a scroll of amnesia {unknown}
 m - a scroll of enchant weapon {unknown}
Potions
 d - a potion of might
Comestibles
 f - 2 bread rations


   Skills:
 + Level 3.2(1.0) Fighting
 + Level 2.0(0.0) Long Blades
 + Level 3.1(1.0) Armour
 + Level 0.1(0.0) Dodging
 + Level 3.1(0.9) Shields


You had 2 spell levels left.
You didn't know any spells.

Dungeon Overview and Level Annotations

Branches:
Dungeon (2/15)

Altars:


Innate Abilities, Weirdness & Mutations

((Your movements are slightly less encumbered by armour (ER -2).))
((You have a pair of small horns on your head.))
You are clumsy. (Dex -2)
You occasionally shout uncontrollably at your foes.


Message History

The adder is severely wounded.
The adder bites you but does no damage. x2
You closely miss the adder.
The adder is severely wounded.
* * * LOW HITPOINT WARNING * * *
You feel sick.
The adder bites you but does no damage. x2
Unknown command.
Unknown command.
Unknown command.
You closely miss the adder.
The adder is heavily wounded.
The adder bites you but does no damage. x2
You closely miss the adder.
The adder is heavily wounded.
* * * LOW HITPOINT WARNING * * *
You feel sick.
The adder bites you but does no damage. x2
You miss the adder.
The adder is heavily wounded.
The adder bites you.
You die...

#... #......## #...
#.......# #... #.......#
#... #.......# .# ...
#.......####.# #.
####...?........# #.
#...............# #....
#....S♣.........# ####.
#.......#†......# ..
#.......#.......# .##
#.......#.......# #.#.
####....###'###.####+#.
#############.##.....)...
#..............#......†.#
#.......................#
#.......................#


You could see an adder.

Vanquished Creatures
  An ooze (D:2)
  A giant gecko (D:1)
  3 bats
  3 giant cockroaches (D:1)
  4 goblins
  A hobgoblin (D:1)
  2 jackals (D:2)
  5 kobolds
  3 giant newts (D:1)
  3 rats
26 creatures vanquished.

Notes
Turn   | Place    | Note
--------------------------------------------------------------
     0 | D:1      | Trivium the Demonspawn Fighter began the quest for the Orb.
     0 | D:1      | Reached XP level 1. HP: 18/18 MP: 1/1
   157 | D:1      | Gained mutation: Your movements are slightly less encumbered by armour (ER -2). [demonic ancestry]
   157 | D:1      | Reached XP level 2. HP: 24/24 MP: 2/2
   700 | D:2      | Reached XP level 3. HP: 27/29 MP: 3/3
   790 | D:2      | Gained mutation: You have a pair of small horns on your head. [potion of mutation]
   790 | D:2      | Gained mutation: You occasionally shout uncontrollably at your foes. [potion of mutation]
   790 | D:2      | Gained mutation: You are clumsy. (Dex -2) [potion of mutation]
   794 | D:2      | HP: 2/43 [poisoned by an adder]
   800 | D:2      | HP: 1/43 [poisoned by an adder]
   801 | D:2      | Slain by an adder

Vault maps used:
D:1:      dpeg_arrival_round_a

Action                   || total
-------------------------++-------
Melee: Long sword        ||   131
  Use: Potion            ||     4
       Scroll            ||     1
